AoeStats
← Bubiny

Arabia

503636991Analyzed
1v1 RM · 1mo ago on Sep 1, 2026· 40m 44s· 2 players
Game mode
Random Map
Map size
Tiny (2 player)
Population
200
Speed
Normal
Resources
Standard
Victory
Conquest
Starting age
Dark Age
Ending age
Imperial Age
RankedLock teamsTeams togetherTeam positionsShared explorationLock speedFull tech treeHidden civsTurbo modeCheats
Victory
Defeat
🇮🇹 Britons · Italy
887
+18
🇪🇸 Magyars · Spain
925
-18
ARTYL 40
8:11 Loom
12:18 Feudal Age
12:39 Horse Collar
12:48 Double-Bit Axe
20:05 Man-at-Arms
23:41 Castle Age
22:28 Forging
23:54 Fletching
25:02 Bow Saw
24:56 Heavy Plow
24:29 Pikeman
25:42 Elite Skirmisher
31:15 Wheelbarrow
31:01 Squires
35:20 Imperial Age
33:52 Bodkin Arrow
35:48 Iron Casting
35:45 Halberdier
Bubiny
4:18 Loom
10:07 Feudal Age
10:34 Double-Bit Axe
10:31 Horse Collar
16:14 Scale Barding Armor
21:45 Fletching
24:02 Castle Age
22:08 Padded Archer Armor
22:23 Bloodlines
25:04 Elite Skirmisher
26:51 Gold Mining
29:27 Chain Barding Armor
29:03 Bodkin Arrow
29:57 Leather Archer Armor
Connection lost

Rejoining the realm…

Still unreachable

The connection could not be restored.

Session expired

The server has moved on; the page needs a fresh start.